 Dungeon Crawl Stone Soup version 0.25-a0-471-g78e40d7af6 (webtiles) character file.

Game seed: 4510697392309897940, levelgen mode: deterministic

30653 Eurus the Thaumaturge (level 13, -1/101 HPs)
             Began as a Mummy Conjurer on Feb 6, 2020.
             Was a Priest of Ashenzari.
             Slain by a catoblepas (6 damage)
             ... while petrified by you
             ... on level 13 of the Dungeon.
             The game lasted 01:08:34 (27241 turns).

Eurus the Thaumaturge (Mummy Conjurer)             Turns: 27241, Time: 01:08:34

Health: -1/101     AC:  8    Str: 11    XL:     13   Next: 21%
Magic:  29/29      EV:  2    Int: 22    God:    Ashenzari [***...]
Gold:   1396       SH:  0    Dex: 14    Spells: 27/37 levels left

rFire    . . .     SeeInvis +   a - +4 scimitar
rCold    + . .     Gourm    .   w - +0 buckler
rNeg     + + +     Faith    .   D - +0 leather armour of Exclusion {rPois rF+ Int+4} (curse)
rPois    ∞         Spirit   .   (no helmet)
rElec    .         Reflect  .   u - +0 cloak (curse)
rCorr    .         Harm     .   b - +0 pair of gloves
MR       +....                  (no boots)
Stlth    ++........             s - amulet of the acrobat
HPRegen  0.26/turn              B - +2 ring of protection
MPRegen  0.21/turn              (no ring)

@: petrified
A: no food or potions, fire vulnerability, cold resistance 1, negative energy
resistance 3, torment resistance, unbreathing, in touch with death 1
a: Curse Item, Scrying, Renounce Religion


You were on level 13 of the Dungeon.
You worshipped Ashenzari.
Ashenzari was most pleased with you.
You were not hungry.

You visited 4 branches of the dungeon, and saw 21 of its levels.

You collected 1396 gold pieces.

Inventory:

Hand Weapons
 a - a +4 scimitar (weapon)
Armour
 b - a +0 pair of gloves (worn)
 n - a +0 leather armour of fire resistance
 u - a cursed +0 cloak (worn)
 w - a +0 buckler (worn)
 z - a +3 ring mail
 D - the cursed +0 leather armour of Exclusion (worn) {rPois rF+ Int+4}
   (You found it on level 13 of the Dungeon)

   It affects your intelligence (+4).
   It protects you from fire.
   It protects you from poison.
   If you remove this armour, your AC will fall 4 points (8 -> 4) It has a curse
   placed upon it.
Jewellery
 i - an uncursed ring of ice
 m - an uncursed ring of fire
 s - an amulet of the acrobat (around neck)
 B - a +2 ring of protection (left hand)
Wands
 c - a wand of random effects (21)
 j - a wand of digging (5)
 k - a wand of iceblast (34)
 o - a wand of paralysis (5)
 q - a wand of flame (45)
 A - a wand of disintegration (9)
Scrolls
 d - 8 scrolls of identify
 e - 4 scrolls of fog
 f - 4 scrolls of blinking
 g - 5 scrolls of remove curse
 h - 4 scrolls of teleportation
 l - 2 scrolls of fear
 p - a scroll of amnesia
 r - 2 scrolls of enchant armour
 t - 2 scrolls of magic mapping
 v - a scroll of holy word
 x - a scroll of summoning
 y - a scroll of enchant weapon {unknown}
 C - a scroll of noise {unknown}


   Skills:
 - Level 9.0 Fighting
 + Level 8.0 Armour
 - Level 1.5 Dodging
 - Level 1.5 Stealth
 + Level 5.1 Shields
 + Level 12.6 Spellcasting
 + Level 9.6 Conjurations
 - Level 8.0 Translocations


You had 27 spell levels left.
You knew the following spells:

 Your Spells              Type           Power        Failure   Level  Hunger
a - Magic Dart            Conj           ####         1%          1    N/A
b - Searing Ray           Conj           ######       1%          2    N/A
c - Gell's Gravitas       Tloc           #####.....   1%          3    N/A
d - Iskenderun's Mystic   Conj/Tloc      ######..     1%          4    N/A

Your spell library contained the following spells:

 Spells                   Type           Power        Failure   Level  Hunger
 Dazzling Flash           Conj/Hex       #####.       2%          3    N/A
 Freeze                   Ice            ##..         6%          1    N/A
 Fulminant Prism          Conj/Hex       #####.....   9%          4    N/A
 Hailstorm                Conj/Ice       #####...     9%          4    N/A
 Confusing Touch          Hex            ##......     19%         3    N/A
 Frozen Ramparts          Ice            ##....       19%         3    N/A
 Ignite Poison            Fire/Tmut/Pois ##......     19%         3    N/A
 Ozocubu's Armour         Chrm/Ice       ##......     19%         3    N/A
 Fireball                 Conj/Fire      #####.....   22%         5    N/A
 Petrify                  Tmut/Erth      ##......     52%         4    N/A
 Summon Ice Beast         Ice/Summ       ##......     52%         4    N/A
 Starburst                Conj/Fire      #####.....   77%         6    N/A
 Metabolic Englaciation   Hex/Ice        ##........   86%         5    N/A
 Yara's Violent Unravell  Hex/Tmut       ##........   86%         5    N/A
 Ring of Flames           Chrm/Fire      ##........   100%        7    N/A
 Ignition                 Fire           ##........   100%        8    N/A

Dungeon Overview and Level Annotations

Branches:
Dungeon (13/15)            Temple (1/1) D:6            Lair (5/6) D:10
 Shoals (0/4) Lair:2        Snake (0/4) Lair:4          Orc (2/2) D:10
    Elf (0/3) Orc:2
  Slime: Lair:5-6    Vaults: D:13-14

Altars:
Ashenzari
Cheibriados
Dithmenos
Elyvilon
Fedhas
Gozag
Hepliaklqana
Kikubaaqudgha
Makhleb
Nemelex Xobeh
Okawaru
Qazlal
Ru
Sif Muna
Trog
Uskayaw
Vehumet
Wu Jian
Xom
Yredelemnul
Zin
The Shining One
Beogh

Shops:
D:6 !%}(   D:7 %   D:11 !

Annotations:
D:10 exclusions: ogre mage, two-headed ogre and ugly thing, Fannar
Lair:1 exclusions: hydra and 2 oklob plants
Lair:2 Gastronok
Lair:3 1 runed translucent door, exclusion: hydra


Innate Abilities, Weirdness & Mutations

You do not eat or drink.
Your flesh is vulnerable to fire.
You are immune to poison.
Your flesh is cold resistant. (rC+)
You are immune to negative energy. (rN+++)
You are immune to unholy pain and torment.
You can survive without breathing.
You are in touch with the powers of death.


Message History

The blast of calcifying dust hits you.
You turn to flesh and can move again.
You are engulfed in calcifying dust.
You are slowing down.
The catoblepas completely misses you.
You riposte.
You hit the catoblepas.
The catoblepas is moderately wounded.
Your limbs are stiffening.
The catoblepas gores you!
You have turned to stone.
The catoblepas gores you but does no damage.
The catoblepas gores you!! The catoblepas gores you! The catoblepas gores you!
The catoblepas gores you!!
* * * LOW HITPOINT WARNING * * *
The catoblepas gores you!!
* * * LOW HITPOINT WARNING * * *
The catoblepas gores you!
* * * LOW HITPOINT WARNING * * *
The catoblepas gores you!
You die...

##(.# #) ##.# ##) ######'## #o[
####### ###.#<....# ######'#
......# #.'.#.#.#.# #.......
......######{#...#.#.# #...)...
......#....J.#####.#.# #.......
......#J######..<#§#.#####.......
......'.# #)#@#§#.'...'.......
...J..### #.#.Y.#.#####.......
[...J)# #.#####.# #.......
......# #.......# ##'#####
'###### ####'#### #....# .# #..#
####.# .# ##.## * .#* ## #..#
,.., # ####'##### ,,...


You could see a catoblepas.

Vanquished Creatures
  4 hydras
  2 two-headed ogres
  A tengu warrior (D:12)
  Pikel (D:8)
  A deep elf mage (D:13)
  An ugly thing (D:12)
  2 manticores (D:11)
  Maurice (D:10)
  2 cyclopes
  4 black mambas
  Psyche (D:10)
  4 spiny frogs
  A rime drake (Lair:4)
  A komodo dragon (Lair:3)
  2 trolls
  3 hornets
  A slime creature (D:12)
  A meliai zombie (D:10)
  5 hippogriffs
  3 wyverns
  Sigmund (D:2)
  A tarantella (shapeshifter) (D:13)
  19 yaks
  A basilisk (Lair:1)
  2 hungry ghosts
  Grum (D:8)
  3 wargs (D:10)
  15 water moccasins
  5 porcupines
  9 orc warriors
  5 sky beasts
  3 black bears
  3 ice beasts
  An eye of draining (D:8)
  7 ogres
  2 phantoms
  21 wolves
  11 centaurs
  10 crocodiles
  4 big kobolds
  7 bullfrogs
  7 scorpions
  5 killer bees (D:11)
  9 howler monkeys
  20 wights
  4 crimson imps
  A centaur zombie (D:7)
  A quasit (D:10)
  A bullfrog zombie (D:12)
  4 jellies
  3 centaur skeletons
  5 hounds
  15 orc priests
  A gnoll shaman (D:5)
  12 orc wizards
  6 iguanas
  Natasha (thrice) (D:2)
  11 worker ants
  A killer bee zombie (D:9)
  A hound zombie (D:7)
  3 hound skeletons
  2 worker ant zombies
  25 adders
  4 gnolls (D:5)
  3 shadow imps
  An ooze (D:4)
  2 adder zombies
  2 adder skeletons
  3 dart slugs
  2 worms (D:2)
  8 leopard geckos
  51 orcs
  6 ball pythons
  3 giant cockroaches
  6 goblins
  12 hobgoblins
  20 jackals
  31 kobolds
  8 quokkas
  7 bats
  9 frilled lizards
  A leopard gecko skeleton (D:6)
  A leopard gecko zombie (D:6)
  7 rats
499 creatures vanquished.

Vanquished Creatures (others)
  A slave (D:11)
  A big kobold (D:11)
  A bullfrog (D:11)
  4 kobolds
  3 fungi
  5 plants
  5 toadstools (D:1)
20 creatures vanquished.

Grand Total: 519 creatures vanquished

Notes
Turn   | Place    | Note
-------+----------+-------------------------------------------
     0 | D:1      | Eurus the Mummy Conjurer began the quest for the Orb.
     0 | D:1      | Reached XP level 1. HP: 13/13 MP: 4/4
   372 | D:1      | Reached skill level 3 in Spellcasting
   484 | D:1      | Reached XP level 2. HP: 20/20 MP: 1/6
   506 | D:1      | Learned a level 2 spell: Searing Ray
   585 | D:1      | Reached skill level 1 in Fighting
   917 | D:1      | Reached XP level 3. HP: 26/26 MP: 5/7
  1865 | D:2      | Learned a level 3 spell: Gell's Gravitas
  1984 | D:2      | Reached XP level 4. HP: 33/33 MP: 4/9
  2318 | D:2      | Found a sacrificial altar of Ru.
  2331 | D:2      | Reached skill level 4 in Spellcasting
  2402 | D:2      | Noticed Natasha
  2406 | D:2      | Killed Natasha
  2406 | D:2      | Reached XP level 5. HP: 29/39 MP: 7/11
  2480 | D:2      | Noticed Sigmund
  2749 | D:2      | Noticed Natasha
  2753 | D:2      | Killed Natasha
  2753 | D:2      | Reached skill level 1 in Translocations
  3429 | D:3      | Reached XP level 6. HP: 34/47 MP: 0/13
  4145 | D:3      | Found a glowing golden altar of the Shining One.
  4294 | D:4      | Reached skill level 5 in Spellcasting
  4729 | D:4      | Reached XP level 7. HP: 52/52 MP: 9/15
  5422 | D:5      | Entered Level 5 of the Dungeon
  5578 | D:5      | Reached skill level 6 in Spellcasting
  5595 | D:5      | Reached skill level 5 in Conjurations
  5855 | D:5      | Reached XP level 8. HP: 27/61 MP: 3/17
  6598 | D:5      | Reached skill level 5 in Fighting
  6598 | D:5      | Reached skill level 1 in Armour
  7153 | D:6      | Found a shimmering altar of Xom.
  7169 | D:6      | Reached skill level 7 in Spellcasting
  7507 | D:6      | Found a shadowy altar of Dithmenos.
  7523 | D:6      | Found an opulent altar of Gozag.
  7555 | D:6      | Got a smoking ring mail
  7591 | D:6      | Found Yfuladgh Wugu's Food Shoppe.
  7700 | D:6      | Reached XP level 9. HP: 68/68 MP: 15/20
  7802 | D:6      | Found Puploum's Distillery.
  7871 | D:6      | Found a staircase to the Ecumenical Temple.
  7882 | Temple   | Entered the Ecumenical Temple
  7995 | Temple   | Became a worshipper of Ashenzari the Shackled
  8129 | D:6      | Found Junatin's Gadget Shoppe.
  8195 | D:6      | Found Gugoizott's Weapon Shoppe.
  8324 | D:7      | Found an ornate altar of the Wu Jian Council.
  9048 | D:7      | Found Hip Hywo's Food Emporium.
  9485 | D:7      | Reached skill level 8 in Spellcasting
  9545 | D:7      | Learned a level 4 spell: Iskenderun's Mystic Blast
  9913 | D:8      | Reached skill level 5 in Translocations
 10087 | D:8      | Found a radiant altar of Vehumet.
 10498 | D:8      | Reached XP level 10. HP: 77/77 MP: 14/22
 11012 | D:8      | Reached * piety under Ashenzari
 11169 | D:8      | Reached skill level 9 in Spellcasting
 11941 | D:9      | Found a stormy altar of Qazlal.
 11956 | D:9      | Noticed Pikel
 12044 | D:8      | Killed Pikel
 12167 | D:9      | Reached skill level 5 in Armour
 12243 | D:9      | Found a shimmering blue altar of Sif Muna.
 12243 | D:9      | Found a hazy altar of Hepliaklqana.
 12597 | D:8      | Noticed Grum
 12604 | D:8      | Killed Grum
 12796 | D:10     | Entered Level 10 of the Dungeon
 12837 | D:10     | Noticed a two-headed ogre
 12838 | D:10     | Identified the ring "Dataiteek" {+Fly rN+ Int+2}
 12838 | D:10     | Noticed an ogre mage
 12838 | D:10     | Noticed a cyan ugly thing
 12838 | D:10     | Noticed a manticore
 12847 | D:10     | Noticed an ogre mage
 12895 | D:10     | Noticed Maurice
 12921 | D:10     | Killed Maurice
 12921 | D:10     | Reached XP level 11. HP: 80/86 MP: 14/24
 12980 | D:10     | Found a staircase to the Lair.
 12980 | D:10     | Noticed Fannar
 13001 | D:10     | Reached skill level 10 in Spellcasting
 13190 | D:10     | Noticed Psyche
 13201 | D:10     | Killed Psyche
 13432 | D:10     | Found a staircase to the Orcish Mines.
 13994 | Lair:1   | Entered Level 1 of the Lair of Beasts
 14248 | Lair:1   | Noticed a seven-headed hydra
 14301 | Lair:1   | Reached ** piety under Ashenzari
 14328 | Lair:1   | Noticed an oklob plant
 14328 | Lair:1   | Noticed an oklob plant
 14682 | Lair:1   | Noticed a six-headed hydra
 14889 | Lair:1   | Killed a six-headed hydra
 16221 | Lair:2   | Reached skill level 1 in Shields
 16609 | Lair:2   | Found a staircase to the Shoals.
 16862 | Lair:2   | Noticed Gastronok
 17314 | Lair:2   | Reached skill level 11 in Spellcasting
 17680 | Lair:3   | Noticed a seven-headed hydra
 17700 | Lair:3   | Killed a seven-headed hydra
 17700 | Lair:3   | Reached XP level 12. HP: 71/95 MP: 20/27
 17816 | Lair:3   | Noticed a seven-headed hydra
 18226 | Lair:3   | Noticed a six-headed hydra
 18240 | Lair:3   | Killed a six-headed hydra
 18553 | Lair:3   | Noticed a catoblepas
 18659 | Lair:3   | Found a runed translucent door.
 19607 | Lair:4   | Found a staircase to the Snake Pit.
 20536 | Lair:5   | Noticed an eight-headed hydra
 20582 | Lair:5   | Noticed a four-headed hydra
 20801 | Orc:1    | Entered Level 1 of the Orcish Mines
 21171 | Orc:1    | Found a roughly hewn altar of Beogh.
 21398 | Orc:2    | Entered Level 2 of the Orcish Mines
 21578 | Orc:2    | Found a staircase to the Elven Halls.
 21580 | Orc:2    | Reached *** piety under Ashenzari
 21631 | Orc:2    | Noticed a two-headed ogre
 21647 | Orc:2    | Noticed a two-headed ogre
 21657 | Orc:1    | Killed a two-headed ogre
 21858 | D:2      | Noticed Natasha
 21864 | D:2      | Killed Natasha
 22103 | D:2      | Killed Sigmund
 22360 | D:11     | Found Seopelaani's Distillery.
 22553 | D:11     | Found a shattered altar of Ashenzari.
 22843 | D:11     | Reached skill level 12 in Spellcasting
 23626 | D:12     | Noticed a two-headed ogre
 23634 | D:12     | Killed a two-headed ogre
 23736 | D:12     | Noticed a four-headed hydra
 23747 | D:12     | Killed a four-headed hydra
 24825 | D:12     | Gained mutation: You are in touch with the powers of death.
                  | [Mummy growth]
 24825 | D:12     | Reached XP level 13. HP: 101/101 MP: 24/29
 26267 | D:13     | Got the cursed leather armour of Exclusion {rPois rF+
                  | Int+4}
 26290 | D:13     | Identified the cursed +0 leather armour of Exclusion {rPois
                  | rF+ Int+4} (You found it on level 13 of the Dungeon)
 26583 | D:13     | Reached skill level 5 in Shields
 27240 | D:13     | HP: 4/101 [catoblepas (7)]
 27241 | D:13     | Slain by a catoblepas

Levels and vault maps discovered:
D:1:      elethiomel_arrival_maze, layout_basic, minmay_gold_behind_fungi,
          minmay_pentomino_t2
D:2:      layout_loops_ring, nicolae_ru_great_annihilating_truth, nrook_uturn,
          chequers_serial_rivers_large_b, minmay_liquid_box, uniq_natasha,
          uniq_sigmund
D:3:      layout_basic, tso_altar
D:4:      layout_rooms
D:5:      layout_rooms, first_ration, lexackson_kobold_supper
D:6:      layout_basic, brannock_xom_greatest_gift,
          nicolae_gozag_cash_rules_everything_around_me, temple_green,
          serial_shops, shop, nicolae_shop_behind_doors, kennysheep_mini_moat,
          shop, hangedman_decor_riveting, nrook_campfire,
          nicolae_dithmenos_shadow_blocks
D:7:      layout_cave_pods, overflow_temple_1_default, serial_shops,
          nicolae_shop_trees
D:8:      layout_loops_ring, vehumet_altar_wand_db, hangedman_pestilent_swarm,
          uniq_grum
D:9:      layout_cave_pools, grunt_qazlal_sundering,
          gammafunk_temple_overflow_wave, uniq_pikel
D:10:     layout_basic, erik_lair_orcish_takeover, david_orc_3, minivault_12,
          uniq_psyche, uniq_fannar, uniq_maurice
D:11:     layout_basic, serial_shops, shop_fountains, serial_curves,
          eino_curves_04, eino_curves_04, nicolae_ashenzari_panopticon
D:12:     layout_cave_pods
D:13:     layout_roguey
Temple:   dshaligram_water_room_temple
Lair:1:   layout_big_grid, minmay_lair_oklob_chamber, grunt_megastairs_1
Lair:2:   layout_small_grid, minmay_shoals_entry_centaurs, fungi_pond_lemuel,
          lemuel_fruit_tree, uniq_gastronok
Lair:3:   gammafunk_mikee_crab_dinner, layout_regular_city, serial_bayou_shore_b
Lair:4:   layout_cave_pods, minmay_snake_entry_six_corridors
Lair:5:   regret_index_tunnel_blossom, layout_hall_layers, ebering_ghost_xom,
          special_room [special_room_mythical_zoo], guppyfry_lair_drakes,
          uniq_josephine
Orc:1:    layout_caves, basic_altar, sword_in_stone
Orc:2:    st_orc_ogre_mass, layout_caves, mines5_lemuel

Skill      XL: |  1  2  3  4  5  6  7  8  9 10 11 12 13 |
---------------+----------------------------------------+-----
Spellcasting   | 3 4 5 6 7 8 9 11 12 | 12.6
Fighting       | 1 2 3 4 5 6 7 9 |  9.0
Conjurations   | 4 5 6 7 8 9 |  9.6
Translocations | 1 2 3 4 5 6 7 8 |  8.0
Armour         | 2 3 5 6 7 8 |  8.0
Shields        | 2 4 5 |  5.1
Dodging        | |  1.5
Stealth        | |  1.5

Action                   |  1- 3 |  4- 6 |  7- 9 | 10-12 | 13-15 || total
-------------------------+-------+-------+-------+-------+-------++-------
Melee: Unarmed           |    10 |       |       |       |       ||    10
       Club              |    12 |       |       |       |       ||    12
       Dagger            |    15 |    78 |    85 |       |       ||   178
       Short sword       |     1 |       |       |       |       ||     1
       Scimitar          |       |       |    22 |   107 |    18 ||   147
 Cast: Magic Dart        |    48 |    59 |    72 |   154 |    24 ||   357
       Searing Ray       |     4 |    20 |    87 |   204 |    40 ||   355
       Iskenderun's Myst |       |       |       |       |     2 ||     2
Evoke: Wand              |       |       |       |     7 |       ||     7
  Use: Scroll            |       |       |       |    12 |     1 ||    13
 Stab: Sleeping          |     1 |     1 |       |       |       ||     2
Armor: Robe              |     6 |    18 |     2 |       |       ||    26
       Leather armour    |       |       |    35 |    52 |     9 ||    96
       Ring mail         |       |       |       |    81 |    13 ||    94
Dodge: Dodged            |    23 |    51 |   133 |   515 |    54 ||   776
Block: Buckler           |       |       |       |    24 |    14 ||    38
       Rpst.: Scimitar   |       |       |    10 |   122 |    13 ||   145

Table legend:
 A = Non-vault XP
 B = Vault XP
 C = Vault XP percentage of total XP
 D = Non-vault monster count
 E = Vault monster count
 F = Vault count percentage of total count
                 A         B        C        D         E       F
            +---------+---------+-------+---------+---------+-------
      Total |   35641 |    8149 |  18.6 |     434 |      65 |  13.0
            +---------+---------+-------+---------+---------+-------
        D:1 |      54 |       2 |   3.6 |      28 |       2 |   6.7
        D:2 |     136 |     303 |  69.0 |      16 |       6 |  27.3
        D:3 |     212 |       0 |   0.0 |      33 |       0 |   0.0
        D:4 |     548 |       0 |   0.0 |      26 |       0 |   0.0
        D:5 |    1045 |     106 |   9.2 |      25 |       6 |  19.4
        D:6 |     729 |       0 |   0.0 |      20 |       0 |   0.0
        D:7 |    1342 |       0 |   0.0 |      26 |       0 |   0.0
        D:8 |    1840 |    1700 |  48.0 |      41 |       9 |  18.0
        D:9 |    2901 |     173 |   5.6 |      31 |       3 |   8.8
       D:10 |     438 |    1700 |  79.5 |       4 |      17 |  81.0
       D:11 |    3109 |       0 |   0.0 |      37 |       0 |   0.0
       D:12 |    7099 |       0 |   0.0 |      41 |       0 |   0.0
       D:13 |    2175 |       0 |   0.0 |      20 |       0 |   0.0
     Lair:1 |    2973 |     676 |  18.5 |      17 |       3 |  15.0
     Lair:2 |    4032 |     345 |   7.9 |      22 |       3 |  12.0
     Lair:3 |    4207 |       0 |   0.0 |      14 |       0 |   0.0
     Lair:4 |    1439 |    2245 |  60.9 |       8 |      15 |  65.2
     Lair:5 |     151 |       0 |   0.0 |       1 |       0 |   0.0
      Orc:1 |     809 |     899 |  52.6 |      15 |       1 |   6.2
      Orc:2 |     402 |       0 |   0.0 |       9 |       0 |   0.0
            +---------+---------+-------+---------+---------+-------
